 Seeded DCSS version 0.28-a0-1613-gdaab1c2f9b (webtiles) character file.

Game seed: 12700726141709342370 (custom seed)

41108 flotson the Fighter (level 13, -2/104 HPs)
             Began as a Demonspawn Gladiator on Jan 21, 2022.
             Was an Initiate of Gozag.
             Slain by Melian's ghost (3 damage)
             ... on level 5 of the Lair of Beasts on Jan 22, 2022.
             The game lasted 00:29:05 (19718 turns).

flotson the Fighter (Demonspawn Gladiator)         Turns: 19718, Time: 00:29:06

Health: -2/104     AC: 38    Str: 25    XL:     13   Next: 78%
Magic:  0/13       EV: 16    Int:  9    God:    Gozag
Gold:   4780       SH:  0    Dex: 24    Spells: 12/12 levels left

rFire   + + .      SeeInvis .   a - +7 pair of quick blades "Gyre" and "Gimble" {protect}
rCold   . . .      Faith    .   (shield currently unavailable)
rNeg    . . .      Spirit   +   q - +1 chain mail {rF+}
rPois   .          Reflect  .   V - +2 hat of Fun and Games {Dex+2}
rElec   .          Harm     .   D - +0 cloak
rCorr   .          Rampage  .   p - +0 pair of gloves
Will    .....                   Y - +0 pair of boots {Stlth+}
Stlth   ..........              m - amulet of guardian spirit
HPRegen 0.27/turn               v - +4 ring of protection
MPRegen 0.26/turn               j - ring "Lenwyk" {rF+ Str+6 Dex+6}

@: sanguine armoured, under a protective aura, studying Unarmed Combat
A: hooves 2, powered by death 2, magic regeneration, sanguine armour 2
a: Renounce Religion, Potion Petition, Call Merchant, Bribe Branch


You were on level 5 of the Lair of Beasts.
You worshipped Gozag.
Gozag was most pleased with you.
You visited 2 branches of the dungeon, and saw 15 of its levels.
You also visited: Gauntlet.

You collected 5022 gold pieces.
You spent 105 gold pieces at shops.
You paid 137 gold pieces to Gozag.

Inventory:

Hand Weapons
 a - the +7 pair of quick blades "Gyre" and "Gimble" (weapon) {protect}
   (You found it on level 10 of the Dungeon)

   It grants its wielder temporary protection when it strikes (+7 to AC).
 b - the +12 morningstar of the Three Nightmares {elec, Str+4 Int+3}
   (You found it on level 8 of the Dungeon)

   It occasionally discharges a powerful burst of electricity upon striking a
   foe.
   Str:       It affects your strength (+4).
   Int:       It affects your intelligence (+3).
Missiles
 d - 8 throwing nets (quivered)
 e - 27 poisoned darts
 t - 8 boomerangs
 u - a curare-tipped dart
 X - 2 silver javelins
Armour
 p - a +0 pair of gloves (worn)
 q - a +1 chain mail of fire resistance (worn)
 D - a +0 cloak (worn)
 S - a +0 hat of willpower
 V - the +2 hat of Fun and Games (worn) {Dex+2}
   (You found it in a Gauntlet)

   Dex:       It affects your dexterity (+2).
 Y - a +0 pair of boots of stealth (worn)
Jewellery
 g - a ring of resist corrosion
 j - the ring "Lenwyk" (right hand) {rF+ Str+6 Dex+6}
   (You acquired it on level 2 of the Lair of Beasts)

   [ring of strength]

   Str:       It affects your strength (+6).
   Dex:       It affects your dexterity (+6).
   rF:        It protects you from fire.
 m - an amulet of guardian spirit (around neck)
 v - a +4 ring of protection (left hand)
 C - a ring of protection from cold
 E - an amulet of reflection
 M - a +4 ring of evasion
 W - a ring of poison resistance
Wands
 K - a wand of flame (9)
 N - a wand of iceblast (2)
 O - a wand of polymorph (11)
 Q - a wand of paralysis (11)
 R - a wand of charming (5)
 Z - a wand of mindburst (8)
Scrolls
 c - a scroll of enchant armour
 f - 2 scrolls of fog
 k - 3 scrolls of brand weapon
 o - 2 scrolls of fear
 s - a scroll of summoning {unknown}
 w - a scroll of silence {unknown}
 x - 2 scrolls of blinking
 y - 2 scrolls of vulnerability
 z - 2 scrolls of enchant weapon {unknown}
 B - a scroll of torment {unknown}
 H - 6 scrolls of teleportation
 J - a scroll of magic mapping
 P - a scroll of holy word {unknown}
 U - a scroll of immolation {unknown}
Potions
 h - 2 potions of flight
 i - 3 potions of heal wounds
 l - 2 potions of lignification
 n - 3 potions of ambrosia
 r - 7 potions of curing
 A - 3 potions of might
 F - 2 potions of haste
 G - 4 potions of invisibility
 I - 3 potions of mutation
 L - 2 potions of cancellation


   Skills:
 + Level 10.6 Fighting
 + Level 10.0 Long Blades
 + Level 9.8 Throwing
 + Level 9.4 Armour
 + Level 10.0 Dodging
 + Level 7.9 Evocations


You had 12 spell levels left.
You didn't know any spells.
Your spell library contained the following spells:

 Spells                   Type           Power      Damage    Failure   Level
 Beastly Appendage        Tmut           0%         N/A       91%         1
 Magic Dart               Conj           0%         1d3       91%         1
 Sting                    Tmut/Pois      0%         1d3       91%         1
 Ensorcelled Hibernation  Hex/Ice        0%         N/A       97%         2
 Searing Ray              Conj           0%         2d4       97%         2
 Conjure Flame            Conj/Fire      0%         6-21      99%         3
 Dazzling Flash           Conj/Hex       0%         N/A       99%         3
 Ignite Poison            Fire/Tmut/Pois 0%         N/A       99%         3
 Inner Flame              Hex/Fire       0%         N/A       99%         3
 Mephitic Cloud           Conj/Pois/Air  0%         N/A       99%         3
 Ozocubu's Armour         Ice            0%         N/A       99%         3
 Spider Form              Tmut/Pois      0%         N/A       99%         3
 Anguish                  Hex/Necr       0%         N/A       100%        4
 Cause Fear               Hex            0%         N/A       100%        4
 Fulminant Prism          Conj/Hex       0%         3d6       100%        4
 Iskenderun's Mystic Bla  Conj/Tloc      0%         2d3       100%        4
 Sticky Flame             Conj/Fire      0%         2d3       100%        4
 Blade Hands              Tmut           0%         N/A       100%        5
 Fireball                 Conj/Fire      0%         3d3       100%        5
 Freezing Cloud           Conj/Ice/Air   0%         6-21      100%        5
 Irradiate                Conj/Tmut      0%         3d13      100%        5
 Iskenderun's Battlesphe  Conj           0%         2d6       100%        5
 Metabolic Englaciation   Hex/Ice        0%         N/A       100%        5
 Summon Forest            Summ/Tloc      0%         N/A       100%        5
 Summon Mana Viper        Hex/Summ       0%         N/A       100%        5
 Dispersal                Tloc           0%         N/A       100%        6
 Iron Shot                Conj/Erth      0%         9d1       100%        6
 Simulacrum               Ice/Necr       0%         N/A       100%        6
 Starburst                Conj/Fire      0%         6d3       100%        6
 Summon Cactus Giant      Summ           0%         N/A       100%        6
 Dragon Form              Tmut           0%         N/A       100%        7
 Spellforged Servitor     Conj/Summ      0%         N/A       100%        7
 Borgnjor's Revivificati  Necr           0%         N/A       100%        8
 Discord                  Hex            0%         N/A       100%        8
 Disjunction              Tloc           0%         N/A       100%        8
 Necromutation            Tmut/Necr      0%         N/A       100%        8
 Death's Door             Necr           0%         N/A       100%        9
 Fire Storm               Conj/Fire      0%         5d1       100%        9


Dungeon Overview and Level Annotations

Branches:
Dungeon (10/15)            Temple (0/1) D:5            Lair (5/6) D:8
  Swamp (0/4) Lair:4        Snake (0/4) Lair:3          Orc (0/2) D:10
Gauntlet (visited)
  Slime: Lair:5-6

Altars:
Elyvilon
Gozag
Hepliaklqana
Kikubaaqudgha
Makhleb
Vehumet
Xom

Shops:
D:7 **   D:9 *

Annotations:
Lair:5 Melian's ghost, journeyman MiBe


Innate Abilities, Weirdness & Mutations

You have hoof-like feet.
You regenerate health from kills.
You regenerate magic rapidly.
When seriously injured, your blood forms thick armour. (AC +9)


Message History

Melian's ghost closely misses you.
You closely miss Melian's ghost. You barely miss Melian's ghost.
You hit Melian's ghost but do no damage. x2
You hit Melian's ghost but do no damage.
You puncture Melian's ghost!
Melian's ghost hits you but does no damage.
You hit Melian's ghost but do no damage.
You puncture Melian's ghost!
You hit Melian's ghost but do no damage. x2
You barely miss Melian's ghost. You puncture Melian's ghost!
Melian's ghost hits you but does no damage.
You hit Melian's ghost but do no damage. x2
You hit Melian's ghost but do no damage. x2
Melian's ghost hits you!
You hit Melian's ghost.
You hit Melian's ghost but do no damage.
You hit Melian's ghost but do no damage. x2
You barely miss Melian's ghost.
You hit Melian's ghost but do no damage.
Melian's ghost hits you but does no damage.
You hit Melian's ghost but do no damage. x2
You barely miss Melian's ghost.
You hit Melian's ghost but do no damage.
Melian's ghost hits you!
* * * LOW HITPOINT WARNING * * *
Melian's ghost burns you.
* * * LOW HITPOINT WARNING * * *
You hit Melian's ghost but do no damage.
You hit Melian's ghost.
You hit Melian's ghost but do no damage. x2
You hit Melian's ghost but do no damage. x2
Melian's ghost hits you but does no damage.
You hit Melian's ghost. x2
You barely miss Melian's ghost.
You hit Melian's ghost but do no damage.
Melian's ghost hits you!!
* * * LOW HITPOINT WARNING * * *
Melian's ghost burns you.
You die...
Your body crumbles into a pile of gold.

........♣♣♣.. ♣♣...♣.♣.
.........♣♣..♣♣.♣......
#...........♣....♣....♣
.<...........♣...♣
.....#.###....♣♣♣
###...###P....♣♣##♣♣
#P.....####.........
#.......#...(.......
#.##@##..............
#=W.#..............
##.##..............
###..............#
#................
#...............#
##.=..........P.P
###...............
#..##.......#.#...


You could see Melian's ghost.

Vanquished Creatures
  Gastronok (Lair:2)
  A balrug (Gauntlet)
  A minotaur (Gauntlet)
  Harold (Lair:2)
  A boulder beetle (Lair:5)
  An ice dragon (Lair:4)
  3 hydras
  5 two-headed ogres
  A wolf spider (Lair:4)
  A will-o-the-wisp (Lair:4)
  5 oklob plants
  6 black mambas
  An unseen horror (D:10)
  8 cane toads
  4 rime drakes
  2 komodo dragons
  A tengu conjurer (Gauntlet)
  2 trolls
  3 polar bears
  Grinder (D:4)
  A hornet (D:9)
  8 blink frogs (Lair:2)
  2 shadows
  A spriggan (D:10)
  2 vampires
  A wyvern (Lair:4)
  A wraith (D:9)
  Grum (D:10)
  2 basilisks (Lair:2)
  A vampire mosquito (D:6)
  62 yaks
  3 acid dragons
  6 nagas (Lair:3)
  9 water moccasins
  A floating eye (Lair:2)
  A black bear (Lair:2)
  6 orc warriors
  5 necrophages
  2 ice beasts
  An ogre (D:6)
  29 wolves
  2 centaurs
  3 phantoms
  2 kobold brigands (D:7)
  6 bullfrogs
  4 scorpions
  A water moccasin zombie (D:5)
  A wyvern skeleton (D:6)
  18 killer bees (Lair:5)
  A howler monkey (D:7)
  4 electric eels
  A bullfrog zombie (D:6)
  4 centaur zombies
  A gnoll shaman (D:6)
  Crazy Yiuf (D:4)
  2 bullfrog skeletons
  3 centaur skeletons
  3 orc priests
  8 hounds
  2 jellies
  Natasha (thrice) (D:4)
  2 iguanas
  4 orc wizards
  A killer bee zombie (D:7)
  A hound skeleton (D:4)
  3 gnolls (D:6)
  3 adders
  3 shadow imps
  A white imp (D:7)
  An adder skeleton (D:5)
  29 orcs
  6 ball pythons
  3 bats
  8 endoplasms
  6 giant cockroaches
  A goblin (D:4)
  3 hobgoblins (D:2)
  A jackal (D:1)
  16 kobolds
  4 quokkas (D:4)
  3 frilled lizards
  3 rats
  A spectral kobold (D:5)
367 creatures vanquished.

Vanquished Creatures (others)
  A dancing weapon (Lair:5)
  4 bushes
  14 foxfires (Lair:4)
  23 fungi
  43 plants
85 creatures vanquished.

Grand Total: 452 creatures vanquished

Notes
Turn   | Place    | Note
-------+----------+-------------------------------------------
     0 | D:1      | flotson the Demonspawn Gladiator began the quest for the
                  | Orb.
     0 | D:1      | Reached XP level 1. HP: 16/16 MP: 1/1
   522 | D:1      | Gained mutation: You regenerate magic rapidly. [demonic
                  | ancestry]
   522 | D:1      | Reached XP level 2. HP: 21/22 MP: 2/2
  1308 | D:2      | Gained mutation: You have large cloven feet. [demonic
                  | ancestry]
  1308 | D:2      | Reached XP level 3. HP: 24/28 MP: 3/3
  1569 | D:2      | Reached skill level 1 in Armour
  2196 | D:3      | Found a faded altar of an unknown god.
  2868 | D:4      | Gained mutation: You regenerate a little health from kills.
                  | [demonic ancestry]
  2868 | D:4      | Reached XP level 4. HP: 34/34 MP: 4/4
  2872 | D:4      | Noticed Grinder
  2896 | D:4      | Paralysed by Grinder for 3 turns
  2903 | D:4      | Paralysed by Grinder for 4 turns
  2909 | D:4      | Killed Grinder
  2910 | D:4      | Reached XP level 5. HP: 13/41 MP: 3/5
  2910 | D:4      | Reached XP level 6. HP: 15/47 MP: 3/6
  3199 | D:4      | Noticed Natasha
  3212 | D:4      | Killed Natasha
  3271 | D:4      | Found a runed translucent door.
  3280 | D:4      | Noticed Crazy Yiuf
  3757 | D:4      | Noticed Natasha
  3767 | D:4      | Killed Natasha
  4147 | D:4      | Noticed Natasha
  4160 | D:4      | Killed Natasha
  4195 | D:4      | Killed Crazy Yiuf
  4522 | D:5      | Entered Level 5 of the Dungeon
  4523 | D:5      | Found a staircase to the Ecumenical Temple.
  4628 | D:5      | Gained mutation: When seriously injured, your blood forms
                  | armour. (AC +9) [demonic ancestry]
  4628 | D:5      | Reached XP level 7. HP: 45/53 MP: 7/7
  5599 | D:5      | Found a hazy altar of Hepliaklqana.
  6119 | D:6      | Noticed a shadow
  6138 | D:6      | Killed a shadow
  6139 | D:6      | Reached XP level 8. HP: 37/61 MP: 5/8
  6565 | D:6      | Reached skill level 5 in Long Blades
  6565 | D:6      | Reached skill level 5 in Dodging
  6570 | D:6      | Reached skill level 5 in Fighting
  7024 | D:6      | Reached skill level 5 in Throwing
  7033 | D:6      | Gained mutation: You regenerate health from kills. [demonic
                  | ancestry]
  7033 | D:6      | Reached XP level 9. HP: 63/68 MP: 7/9
  8608 | D:7      | You fall into a shaft and drop 1 floor!
  8634 | D:8      | Identified the +12 morningstar of the Three Nightmares
                  | {elec, Str+4 Int+3}
  8634 | D:8      | Noticed a troll
  8771 | D:7      | Reached skill level 5 in Armour
  9106 | D:7      | Found Quushril's Fire Supplies.
  9314 | D:7      | Noticed a two-headed ogre
  9320 | D:7      | Killed a two-headed ogre
  9325 | D:7      | Found Symoduyd's General Store.
  9333 | D:7      | Bought a scroll of identify for 20 gold pieces
  9333 | D:7      | Bought a scroll of teleportation for 30 gold pieces
  9333 | D:7      | Bought a scroll of identify for 20 gold pieces
  9333 | D:7      | Bought a scroll of amnesia for 35 gold pieces
  9657 | D:8      | Gained mutation: When seriously injured, your blood forms
                  | thick armour. (AC +9) [demonic ancestry]
  9657 | D:8      | Reached XP level 10. HP: 66/77 MP: 10/10
 10493 | D:8      | Found a staircase to the Lair.
 10633 | D:8      | Reached skill level 1 in Evocations
 10682 | D:8      | Noticed a two-headed ogre
 10691 | D:8      | Killed a two-headed ogre
 10707 | D:8      | Found a burning altar of Makhleb.
 10707 | D:8      | Found an ancient bone altar of Kikubaaqudgha.
 11129 | D:9      | Found a radiant altar of Vehumet.
 11212 | D:9      | Paralysed by a hornet for 2 turns
 11384 | D:9      | Found an opulent altar of Gozag.
 11398 | D:9      | Became a worshipper of Gozag Ym Sagoz the Greedy
 11465 | D:9      | Found Boafugy's Assorted Antiques.
 11836 | D:10     | Entered Level 10 of the Dungeon
 11967 | D:10     | Reached XP level 11. HP: 67/85 MP: 9/11
 12316 | D:10     | Noticed a two-headed ogre
 12316 | D:10     | Noticed a two-headed ogre
 12334 | D:10     | Killed a two-headed ogre
 12342 | D:10     | Killed a two-headed ogre
 12628 | D:10     | Found the +7 pair of quick blades "Gyre" and "Gimble"
                  | {protect}
 12738 | D:10     | Found a staircase to the Orcish Mines.
 12881 | D:10     | Noticed Grum
 12907 | D:10     | Killed Grum
 13104 | D:10     | Noticed a two-headed ogre
 13123 | D:10     | Killed a two-headed ogre
 13686 | Lair:1   | Entered Level 1 of the Lair of Beasts
 14052 | Lair:1   | Noticed a five-headed hydra
 14060 | Lair:1   | Killed a five-headed hydra
 14312 | Lair:1   | Reached skill level 5 in Evocations
 14516 | Lair:1   | Reached XP level 12. HP: 92/94 MP: 12/12
 14618 | Lair:1   | Noticed an eight-headed hydra
 14627 | Lair:1   | Killed an eight-headed hydra
 14882 | Lair:2   | Noticed Gastronok
 14899 | Lair:2   | Killed Gastronok
 15268 | Lair:2   | Identified 2 scrolls of acquirement
 15273 | Lair:2   | Acquired the ring "Lenwyk" {rF+ Str+6 Dex+6}
 15275 | Lair:2   | Acquired 773 gold pieces
 15393 | Lair:2   | Noticed a six-headed hydra
 15406 | Lair:2   | Killed a six-headed hydra
 15515 | Lair:2   | Paralysed by a floating eye for 3 turns
 15522 | Lair:2   | Paralysed by a floating eye for 2 turns
 15541 | Lair:2   | Paralysed by a floating eye for 2 turns
 15927 | Lair:2   | Noticed Harold
 15952 | Lair:2   | Killed Harold
 16500 | Lair:3   | Gained mutation: You have hoof-like feet. [demonic
                  | ancestry]
 16500 | Lair:3   | Reached XP level 13. HP: 103/103 MP: 13/13
 17132 | Lair:3   | Reached skill level 10 in Fighting
 17144 | Lair:3   | Found a staircase to the Snake Pit.
 17482 | Lair:4   | Found a gate leading to a gauntlet.
 17491 | Gauntlet | Entered a Gauntlet
 17491 | Gauntlet | Found a transporter.
 17491 | Gauntlet | Found a transporter.
 17495 | Gauntlet | Found a transporter.
 17502 | Gauntlet | Found a transporter.
 17528 | Gauntlet | Found a transporter.
 17597 | Gauntlet | Found a transporter.
 17856 | Gauntlet | Identified the +2 hat of Fun and Games {Dex+2}
 17860 | Gauntlet | Noticed a balrug
 17975 | Gauntlet | Found a transporter.
 17977 | Gauntlet | Found a transporter.
 17997 | Gauntlet | Killed a balrug
 18002 | Gauntlet | Found a transporter.
 18005 | Gauntlet | Found a transporter.
 18005 | Gauntlet | Noticed a green death
 18144 | Gauntlet | Noticed a minotaur
 18167 | Gauntlet | Killed a minotaur
 18183 | Gauntlet | Got Heist's Papyrus of Shape Shifting and Fire
 18231 | Lair:4   | Found a staircase to the Swamp.
 18271 | Lair:4   | Found a frozen archway.
 19115 | Lair:4   | Acquired 939 gold pieces
 19480 | Lair:5   | Reached skill level 10 in Long Blades
 19598 | Lair:5   | Reached skill level 10 in Dodging
 19643 | Lair:5   | Found a runed translucent door.
 19643 | Lair:5   | Found a shimmering altar of Xom.
 19643 | Lair:5   | Noticed Melian's ghost (journeyman MiBe)
 19718 | Lair:5   | HP: 1/104 [Melian's ghost (19)]
 19718 | Lair:5   | Slain by Melian's ghost

Illustrated notes

Levels and vault maps discovered:
D:1:      dpeg_arrival_arbitrary_c, layout_basic, minmay_misc_feat_room,
          minmay_indecisive_spiral
D:2:      layout_loops_cross
D:3:      layout_loops_ring, basic_ecumenical_altar
D:4:      layout_basic, uniq_natasha, uniq_grinder, uniq_crazy_yiuf_cottage
D:5:      layout_loops_ring, nicolae_hepliaklqana_monster_ancestors,
          minmay_temple_entry_gardened_gates
D:6:      minmay_opposing_rooms, layout_basic, moated_statue, st_stairs_1
D:7:      layout_layer_cave, serial_shops, nicolae_shop_trees,
          chequers_serial_rivers_small_b, nicolae_shop_fire_sale
          [nicolae_sub_dead_trees], minmay_fractal_squares_diagonal_5
D:8:      layout_basic, gammafunk_temple_overflow_wave, marbit_many_paths,
          erik_lair_island, chequers_arboretum
D:9:      layout_gridville, mainiacjoe_overflow_small_starburst,
          overflow_temple_1_default, serial_shops, shop
D:10:     layout_irregular_city, hiddenorc1_lemuel,
          hellmonk_guarded_unrand_gyre_and_gimble, uniq_grum
Lair:1:   layout_regular_city, minmay_hedge_maze, minmay_stone_trees_small,
          guppyfry_lair_drakes, serial_bayou_shore_b, lemuel_fruit_fields
Lair:2:   layout_roguey, disabler_island, uniq_gastronok, uniq_harold
Lair:3:   layout_long_grid, minmay_snake_entry_guardpost_medium,
          roderic_carrion_pond
Lair:4:   layout_roguey, minmay_swamp_entry_wisps, gauntlet_entry_generic,
          portal_ice_cave_entry_animals_and_master,
          cheibrodos_lair_caveside_slide, minivault_25,
          nicolae_lair_run_with_the_wolves, infiniplex_staircase_pool
Lair:5:   wad_woods_minihive, layout_cave_pods, slime_altar_1, ebering_ghost_xom

Skill      XL: |  1  2  3  4  5  6  7  8  9 10 11 12 13 |
---------------+----------------------------------------+-----
Throwing       | 2 3 4 5 6 7 8 9 |  9.8
Armour         | 1 2 3 4 5 6 7 8 9 |  9.4
Long Blades    | 3 4 5 6 7 8 9 10 | 10.0
Dodging        | 3 4 5 6 7 8 9 10 | 10.0
Fighting       | 3 4 5 6 7 8 9 10 | 10.6
Evocations     | 3 5 6 7 |  7.9

Action                   |  1- 3 |  4- 6 |  7- 9 | 10-12 | 13-15 || total
-------------------------+-------+-------+-------+-------+-------++-------
Melee: Long sword        |    57 |       |       |       |       ||    57
       Punch             |     2 |     2 |     4 |     2 |       ||    10
       Whip              |    36 |   108 |   137 |       |       ||   281
       Kick              |     5 |       |       |       |       ||     5
       Dagger            |       |    53 |    17 |       |       ||    70
       Quarterstaff      |       |       |    86 |       |       ||    86
       Morningstar       |       |       |    81 |   156 |       ||   237
       Pair of quick bla |       |       |       |   497 |   579 ||  1076
Throw: Boomerang         |       |     2 |     7 |    74 |       ||    83
       Throwing net      |       |       |       |       |     1 ||     1
  Use: Scroll            |       |       |    10 |    11 |     3 ||    24
       Potion            |       |       |     4 |       |       ||     4
 Stab: Petrifying        |       |       |     1 |       |       ||     1
       Distracted        |       |       |       |     3 |     5 ||     8
       Held in net/web   |       |       |       |       |     2 ||     2
Armor: Ring mail         |    27 |    88 |   194 |   208 |       ||   517
       Leather armour    |     5 |       |       |       |       ||     5
       Skin              |       |       |    69 |       |       ||    69
       Chain mail        |       |       |       |     3 |   166 ||   169
Dodge: Dodged            |    52 |   102 |   245 |   396 |   204 ||   999

Table legend: (Time is in decaauts)
 A = Elapsed time spent in this place.
 B = Non-inter-level travel time spent in this place.
 C = Inter-level travel time spent in this place.
 D = Time resting spent in this place.
 E = Time spent auto-exploring this place.
 F = Levels seen in this place.
 G = Mean time per level.
                   A        B        C        D        E       F      G
               +--------+--------+--------+--------+--------+-----+--------+
         Total |  19264 |  18665 |    599 |    816 |  14798 |  16 | 1204.0 |
       Dungeon |  13810 |  13280 |    530 |    246 |  11036 |  10 | 1381.0 |
          Lair |   4755 |   4686 |     69 |     65 |   3761 |   5 |  951.0 |
      Gauntlet |    698 |    698 |      0 |    505 |      0 |   1 |  698.0 |
               +--------+--------+--------+--------+--------+-----+--------+

Top non-repeatable levels by time:
     D:6: 2784 daAuts
     D:4: 1840 daAuts
    D:10: 1783 daAuts
     D:8: 1386 daAuts
  Lair:2: 1378 daAuts
     D:5: 1314 daAuts
  Lair:1: 1097 daAuts
     D:2: 1095 daAuts
     D:1: 1018 daAuts
     D:7: 1012 daAuts
  Lair:3: 1003 daAuts
     D:9: 993 daAuts
  Lair:4: 906 daAuts
Gauntlet: 698 daAuts
     D:3: 581 daAuts
